 Dungeon Crawl Stone Soup version 0.30-a0-1094-g860fb061e7 (webtiles) character file.

Game seed: 14163562036893926994

495 BigDaddyOpFi the Covered (level 6, -13/55 HPs)
             Began as an Armataur Fighter on Apr 17, 2023.
             Was an Initiate of Hepliaklqana.
             Killed by divine providence
             ... invoked by an orc priest
              (14 damage)
             ... on level 6 of the Dungeon.
             The game lasted 00:04:29 (4689 turns).

BigDaddyOpFi the Covered (Armataur Fighter)         Turns: 4689, Time: 00:04:29

Health: -13/55     AC:  8    Str: 23    XL:     6   Next: 92%
Magic:  7/7        EV:  7    Int:  9    God:    Hepliaklqana [......]
Gold:   256        SH:  5    Dex:  9    Spells: 5/5 levels left

rFire   . . .      SeeInvis .    n - +0 battleaxe (heavy)
rCold   . . .      Faith    .    (shield currently unavailable)
rNeg    . . .      Spirit   .    b - +1 scale mail
rPois   .          Reflect  +    (no helmet)
rElec   .          Roll     +    (no cloak)
rCorr   .                        (no gloves)
Will    .....                    (no barding) Stlth
                                 i - amulet of reflection
HPRegen 0.29/turn                (no ring)
MPRegen 0.10/turn                (no ring)

@: flying
A: large, rugged brown scales 3, deformed body, armoured tail, roll, long
tongue, awkward tongue
a: Renounce Religion


You were on level 6 of the Dungeon.
You worshipped Hepliaklqana.
Hepliaklqana was noncommittal.
You visited 1 branch of the dungeon, and saw 4 of its levels.

You collected 256 gold pieces.

Inventory:

Hand Weapons
 a - a +0 war axe
 n - a +0 heavy battleaxe (weapon)
Armour
 b - a +1 scale mail (worn)
 c - a +0 buckler
Jewellery
 i - an amulet of reflection (around neck)
 o - an amulet of faith
Wands
 k - a wand of charming (6)
Scrolls
 e - a scroll of immolation
 f - 2 scrolls of identify
 g - a scroll of fear
 h - 4 scrolls of teleportation
 j - a scroll of amnesia


   Skills:
 + Level 4.1 Fighting
 + Level 3.2 Axes
 + Level 5.5 Armour
 + Level 5.0 Shields
 * Level 1.5 Invocations


You had 5 spell levels left.
You didn't know any spells.
Your spell library contained the following spells:

 Spells                   Type           Power      Damage    Failure   Level
 Apportation              Tloc           0%         N/A       67%         1
 Necrotise                Necr           0%         1d4       67%         1
 Summon Small Mammal      Summ           0%         N/A       67%         1


Dungeon Overview and Level Annotations

Branches:
Dungeon (3/15)

Altars:
Ashenzari
Dithmenos
Elyvilon
Fedhas
Hepliaklqana
Qazlal
Sif Muna
Uskayaw


Innate Abilities, Weirdness & Mutations

You are completely covered in rugged brown scales. (AC +3, +7% HP)
Armour fits poorly on your strangely shaped body.
You have a long armoured tail.
You roll when moving toward enemies. (Rampage)
Your long tongue fully drains potion bottles. (2x potion effects)
Your tongue gives you trouble enunciating. (1.5x scroll delay)


Message History

You block the orc wizard's attack.
Unknown command.
The gnoll barely misses you.
The orc wizard hits you with a +0 dagger.
* * * LOW HITPOINT WARNING * * *
Things that are here:
a +0 club; 12 gold pieces; a gnoll corpse You feel better.
You slurp down every last drop of the potion of curing!
The orc wizard hits you but does no damage.
The orc wizard casts a spell.
The orc wizard flickers and vanishes!
Deactivating autopickup; reactivate with Ctrl-A.
Okay, then.
You cut the orc wizard into ribbons!!!
You kill the orc wizard!
The gnoll hits you from afar with a +1 heavy spear! x2
* * * LOW HITPOINT WARNING * * *
You closely miss the orc priest. The orc priest hits you with a +0 mace.
* * * LOW HITPOINT WARNING * * *
The gnoll hits you from afar with a +1 heavy spear.
* * * LOW HITPOINT WARNING * * *
The orc priest hits you but does no damage.
You feel better.
You slurp down every last drop of the potion of curing!
The orc priest mumbles some strange prayers to Beogh against you.
Beogh smites you!
* * * LOW HITPOINT WARNING * * *
The gnoll hits you from afar with a +1 heavy spear.
* * * LOW HITPOINT WARNING * * *
The orc priest barely misses you.
The gnoll hits you from afar with a +1 heavy spear!
* * * LOW HITPOINT WARNING * * *
You aren't carrying any potions.
Blink to where?
Press: ? - help, Dir - move target As you slowly read the scroll of blinking, it crumbles to dust.
The orc priest mumbles some strange prayers to Beogh against you.
Beogh smites you!
You die...

### ### ###
#_###_###.##
##.#.#.#.#.8##
#_...........#
#8........@..#
#_.#.#.#.#.8.#
##.#8#_#_#.#.#
###########ยง########
#.....)ogo....#
#.######)..##.#
..#..# ##.#....# ...
.....


You could see an orc priest.

Vanquished Creatures
  A sky beast (D:6)
  A jelly (D:6)
  An orc wizard (D:6)
  16 gnolls
  3 adders
  2 worms (D:3)
  4 dart slugs
  7 ball pythons
  6 endoplasms
  A giant cockroach (D:2)
  31 goblins
  37 hobgoblins
  3 jackals (D:2)
  3 bats
  7 frilled lizards
  7 kobolds
  7 rats
137 creatures vanquished.

Vanquished Creatures (others)
  4 toadstools (D:1)
4 creatures vanquished.

Grand Total: 141 creatures vanquished

Notes
Turn   | Place    | Note
-------+----------+-------------------------------------------
     0 | D:1      | BigDaddyOpFi the Armataur Fighter began the quest for the
                  | Orb.
     0 | D:1      | Reached XP level 1. HP: 19/19 MP: 1/1
   148 | D:1      | Reached XP level 2. HP: 26/26 MP: 2/2
   536 | D:2      | Reached XP level 3. HP: 33/33 MP: 3/3
   813 | D:2      | Found a white marble altar of Elyvilon.
  1494 | D:3      | Found a stormy altar of Qazlal.
  1555 | D:3      | Reached XP level 4. HP: 32/40 MP: 4/4
  2745 | D:3      | Reached XP level 5. HP: 48/48 MP: 5/5
  3450 | D:3      | Reached skill level 5 in Armour
  3635 | D:3      | Reached XP level 6. HP: 21/55 MP: 6/6
  4618 | D:3      | You fall into a shaft and drop 3 floors!
  4618 | D:6      | Found a broken altar of Ashenzari.
  4618 | D:6      | Found a blossoming altar of Fedhas.
  4618 | D:6      | Found a hide-covered altar of Uskayaw.
  4624 | D:6      | Found a shimmering blue altar of Sif Muna.
  4625 | D:6      | Found a shadowy altar of Dithmenos.
  4627 | D:6      | Found a hazy altar of Hepliaklqana.
  4641 | D:6      | Became a worshipper of Hepliaklqana the Forgotten
  4651 | D:6      | Noticed a sky beast
  4681 | D:6      | Killed a sky beast
  4682 | D:6      | Reached skill level 5 in Shields
  4682 | D:6      | Reached skill level 1 in Invocations
  4688 | D:6      | HP: 1/55 [gnoll/+1 heavy spear (9)]
  4689 | D:6      | Killed from afar by an orc priest

Illustrated notes

Levels and vault maps discovered:
D:1:      ldierk_walled_garden_2, layout_rooms
D:2:      layout_basic, basic_altar
D:3:      minmay_goblin_kobold_castle, layout_loops_ring,
          nicolae_qazlal_general_emergency, grunt_decor_fettered
D:6:      layout_basic, minitemple, uniq_edmund

Skill      XL: |  1  2  3  4  5  6 |
---------------+-------------------+-----
Armour         | 4 5 |  5.5
Fighting       | 3 4 |  4.1
Axes           | 2 3 |  3.2
Shields        | 4 5 |  5.0
Invocations    | 1 |  1.5

Action                     |  1- 3 |  4- 6 || total
---------------------------+-------+-------++-------
  Melee: War axe           |    87 |       ||    87
         Tailslap          |     9 |    15 ||    24
         Battleaxe         |    22 |   192 ||   214
    Use: Scroll            |     7 |     2 ||     9
         Potion            |       |     6 ||     6
 Armour: Scale mail        |    59 |   307 ||   366
         Skin              |       |     6 ||     6
  Dodge: Dodged            |    41 |   173 ||   214
  Block: Buckler           |    16 |       ||    16
         Other             |       |    58 ||    58
         Reflection        |       |     3 ||     3

Table legend: (Time is in decaauts)
 A = Elapsed time spent in this place.
 B = Non-inter-level travel time spent in this place.
 C = Inter-level travel time spent in this place.
 D = Time resting spent in this place.
 E = Time spent auto-exploring this place.
 F = Levels seen in this place.
 G = Mean time per level.
                   A        B        C        D        E       F      G
               +--------+--------+--------+--------+--------+-----+--------+
         Total |   5020 |   4941 |     79 |   2054 |   1726 |   4 | 1255.0 |
       Dungeon |   5020 |   4941 |     79 |   2054 |   1726 |   4 | 1255.0 |
               +--------+--------+--------+--------+--------+-----+--------+

Top non-repeatable levels by time:
     D:3: 3363 daAuts
     D:2: 1017 daAuts
     D:1: 540 daAuts
     D:6: 99 daAuts
